cohdb
Replays
Latest Replays
All Replays
Popular Replays
Top Player Replays
Match Explorer
How It Works
Community
CoH3 Stats
Reddit
Sign in to upload your games and track your stats! →
Sign in with Steam
Match 42775083
Unlisted
Match 42775083
Overview
Messages
Build Orders
End
Panzergrenadier Squad
Panzergrenadier Squad
250 Light Carrier
Construct Light Support Kompanie
Combat Half-tracks
Panzerjäger Squad
Fire Support Elements
Flakvierling Half-track
Veteran Squad Leaders
le.IG 18 Mechanized Group
Selects Panzerjäger Kommand Battlegroup
Selects Mine Fields
Selects Defensive Positions
Selects Butterfly Bomb Drop
Panzergrenadier Squad
Panzerjäger Squad
Butterfly Bomb Drop
Construct Panzerarmee Kommand
Selects Tank Busters
Selects Crew Shock Tactics
Panzer III L Medium Tank
Panzer III L Medium Tank
Butterfly Bomb Drop
A2O
JZuna
Dsadow
L1mbo
仙台葉月@宮城のけち
人老打不动游戏了
spinn72
.
0
0
Comments
sign in to comment!
No comments posted yet!